 Dungeon Crawl Stone Soup version 0.24-a0-584-g9d6b971ae4 (webtiles) character file.

Game seed: 12527353715031873826, levelgen mode: deterministic

39 Mithandil the Skirmisher (level 3, -5/29 HPs)
             Began as a Demonspawn Abyssal Knight on Sept 6, 2019.
             Was a Follower of Lugonu.
             Slain by a centaur (8 damage)
             ... on level 2 of the Dungeon.
             The game lasted 00:06:35 (1091 turns).

Mithandil the Skirmisher (DsAK)                     Turns: 1091, Time: 00:06:36

Health: -5/29      AC:  3    Str: 11 (13) XL:     3   Next: 28%
Magic:  0/5        EV: 11    Int: 11 (13) God:    Lugonu [*.....]
Gold:   68         SH:  0    Dex: 11 (12) Spells: 2/2 levels left

rFire    . . .     SeeInvis .   a - +1 falchion
rCold    . . .     Gourm    .   (no shield)
rNeg     . . .     Faith    .   m - +0 leather armour
rPois    .         Spirit   +   (helmet restricted)
rElec    .         Reflect  .   (no cloak)
rCorr    .         Harm     .   (no gloves)
MR       .....                  (no boots)
Stlth    +.........             (no amulet)
HPRegen  0.09/turn              (no ring)
MPRegen  0.09/turn              (no ring)

@: no status effects
A: antennae 1, magic shield
a: Depart the Abyss, Renounce Religion


You were on level 2 of the Dungeon.
You worshipped Lugonu.
Lugonu was aware of your devotion.
You were not hungry.

You visited 1 branch of the dungeon, and saw 3 of its levels.
You visited the Abyss 1 time.

You collected 68 gold pieces.

Inventory:

Hand Weapons
 a - a +1 falchion (weapon)
 b - a +0 hunting sling
Missiles
 e - 27 stones (quivered)
 g - 46 sling bullets
 h - 17 arrows
Armour
 d - a +0 ring mail
 m - a +0 leather armour (worn)
Scrolls
 j - a scroll of remove curse
 k - 3 scrolls of teleportation
Potions
 i - a potion of might
Comestibles
 c - 4 rations


   Skills:
 + Level 3.2 Fighting
 * Level 2.2 Long Blades
 + Level 0.1 Slings
 - Level 1.7 Armour
 + Level 1.2 Dodging
 * Level 1.1 Stealth
 + Level 0.9 Unarmed Combat
 + Level 2.8 Invocations


You had 2 spell levels left.
You didn't know any spells.
Your spell library was empty.

Dungeon Overview and Level Annotations

Branches:
Dungeon (3/15)

Altars:


Innate Abilities, Weirdness & Mutations

You have a pair of small antennae on your head.
When hurt, damage is shared between your health and your magic reserves.


Message History

You feel forgetful for a moment.
Eating one of 2 chunks of flesh.
You eat one of the 2 chunks of flesh.
This raw flesh tastes terrible.
A centaur comes into view.
The centaur wields a +0 shortbow.
The centaur shoots an arrow.
The arrow hits you!
You see here an arrow.
The centaur shoots an arrow.
The arrow closely misses you.
The centaur shoots an arrow.
The arrow completely misses you.
The centaur unwields a +0 shortbow.
The centaur closely misses you.
You riposte.
You barely miss the centaur. You hit the centaur.
The centaur is moderately wounded.
The centaur hits you! x2
* * * LOW HITPOINT WARNING * * *
All of the chunks of flesh in your inventory have rotted away.
You hit the centaur but do no damage.
The centaur is moderately wounded.
The centaur hits you!
You die...

♣.......###.#.##.#♣♣P.
.PPP....# #..##.# P
.P......####..##.#
#...............#
#............#..#
#........(..#..#
#####.....(.....#..#
................#..#
......c@........#..#
#####.........#.#<.#
.............#.#..#
####.........#.#..#
###########..


You could see a centaur.

Vanquished Creatures
  A gnoll (D:1)
  A worm (D:2)
  4 giant cockroaches (D:1)
  5 goblins (D:1)
  A hobgoblin (D:1)
  2 jackals (D:1)
  2 kobolds (D:1)
  6 frilled lizards
  5 rats (D:1)
27 creatures vanquished.

Notes
Turn   | Place    | Note
-------+----------+-------------------------------------------
     0 | Abyss:1  | Mithandil the Demonspawn Abyssal Knight began the quest for
                  | the Orb.
     0 | Abyss:1  | Reached XP level 1. HP: 18/18 MP: 2/2
    94 | Abyss:1  | Noticed a sixfirhy
    96 | D:1      | Escaped the Abyss
   185 | D:3      | Reached skill level 1 in Dodging
   310 | D:1      | Gained mutation: You have a pair of small antennae on your
                  | head. [demonic ancestry]
   310 | D:1      | Reached XP level 2. HP: 22/24 MP: 3/3
   408 | D:1      | Reached * piety under Lugonu
   436 | D:1      | Reached skill level 1 in Stealth
   671 | D:1      | Gained mutation: When hurt, damage is shared between your
                  | health and your magic reserves. [demonic ancestry]
   671 | D:1      | Reached XP level 3. HP: 26/29 MP: 5/5
  1085 | D:2      | Noticed a centaur
  1091 | D:2      | Slain by a centaur

Levels and vault maps discovered:
D:1:      lemuel_arrival_lava_pool, layout_loops_ring, minmay_misc_feat_chi
D:2:      layout_loops_ring, regret_index_temple_of_mockery, serial_forest,
          infiniplex_forest_end_1, infiniplex_forest_clump_large,
          infiniplex_forest_fountain, infiniplex_forest_lined_3,
          infiniplex_forest_clump_double, infiniplex_forest_end_2,
          infiniplex_forest_clump_diagonal, infiniplex_forest_clump_small,
          infiniplex_forest_side_room
D:3:      layout_loops_cross, vehumet_crystals, minmay_rat_hole

Skill      XL: |  1  2 |
---------------+-------+-----
Dodging        | 1 |  1.2
Long Blades    | 2 |  2.2
Stealth        | 1 |  1.1
Fighting       | |  3.2
Slings         | |  0.1
Armour         | |  1.7
Unarmed Combat | |  0.9
Invocations    | |  2.8

Action                   || total
-------------------------++-------
Melee: Falchion          ||    72
Invok: Depart the Abyss  ||     1
  Use: Scroll            ||     5
       Potion            ||     7
  Eat: Chunk             ||     1
Armor: Leather armour    ||    17
Dodge: Dodged            ||    30
       Rpst.: Falchion   ||     7

Table legend:
 A = Non-vault XP
 B = Vault XP
 C = Vault XP percentage of total XP
 D = Non-vault monster count
 E = Vault monster count
 F = Vault count percentage of total count
                 A         B        C        D         E       F
            +---------+---------+-------+---------+---------+-------
      Total |      57 |       0 |   0.0 |      27 |       0 |   0.0
            +---------+---------+-------+---------+---------+-------
        D:1 |      50 |       0 |   0.0 |      24 |       0 |   0.0
        D:2 |       5 |       0 |   0.0 |       1 |       0 |   0.0
        D:3 |       2 |       0 |   0.0 |       2 |       0 |   0.0
            +---------+---------+-------+---------+---------+-------
